 Dungeon Sprint DCSS version 0.28-a0-697-g47f3eba078 (webtiles) character file.

Game seed: 9206872600897916463

1311 tatocazan the Cleaver (level 8, -3/62 HPs)
             Began as a Demonspawn Fighter on Oct 23, 2021.
             Was a Believer of Okawaru.
             Slain by Erica (5 damage)
             ... in the Dungeon (Sprint III: "The Ten Rune Challenge").
             The game lasted 00:03:49 (1275 turns).

tatocazan the Cleaver (Demonspawn Fighter)          Turns: 1275, Time: 00:03:50

Health: -3/62      AC: 11    Str: 18    XL:     8   Next: 32%
Magic:  10/12      EV: 11    Int: 11    God:    Okawaru [**....]
Gold:   38         SH:  7    Dex: 12    Spells: 7/7 levels left

rFire   . . .      SeeInvis .   a - +0 war axe
rCold   . . .      Faith    .   c - +0 buckler
rNeg    . . .      Spirit   .   b - +0 scale mail
rPois   .          Reflect  .   (helmet restricted)
rElec   .          Harm     .   (no cloak)
rCorr   .          Rampage  .   (no gloves)
Will    +....      Clarity  +   (no boots) Stlth ++........NoTele +
                                (no amulet)
HPRegen 0.20/turn               (no ring)
MPRegen 0.13/turn               (no ring)

@: heroic
A: horns 2, thin metallic scales 1, spiny 1, camouflage 1, clarity, frail 1,
strong-willed 1, wild magic 1
a: Renounce Religion, Heroism


You were in the Dungeon.
You worshipped Okawaru.
Okawaru was pleased with you.
You visited 1 branch You collected 38 gold pieces.

Inventory:

Hand Weapons
 a - a +0 war axe (weapon)
Armour
 b - a +0 scale mail (worn)
 c - a +0 buckler (worn)
Scrolls
 e - a scroll of torment
 j - a scroll of blinking
 n - a scroll of identify
Potions
 d - a potion of curing
 h - 2 potions of magic
 l - a potion of heal wounds
 o - a potion of flight


   Skills:
 + Level 8.6(13.6) Fighting
 * Level 10.5(15.5) Axes
 + Level 7.9(12.9) Armour
 + Level 8.0(13.0) Shields
 + Level 6.1 Invocations


You had 7 spell levels left.
You didn't know any spells.
Your spell library contained the following spells:

 Spells                   Type           Power      Damage    Failure   Level
 Magic Dart               Conj           0%         1d3       71%         1
 Mephitic Cloud           Conj/Pois/Air  0%         N/A       96%         3
 Call Imp                 Summ           Unusable   N/A       N/A         2

Dungeon Overview and Level Annotations

Branches:
Dungeon (1/1)

Altars:
Cheibriados
Dithmenos
Elyvilon
Fedhas
Gozag
Hepliaklqana
Kikubaaqudgha
Makhleb
Nemelex Xobeh
Okawaru
Qazlal
Ru
Sif Muna
Trog
Uskayaw
Vehumet
Wu Jian
Xom
Yredelemnul
Zin
The Shining One
Beogh
Jiyva
Lugonu

Annotations:
D Erica


Innate Abilities, Weirdness & Mutations

You have a pair of horns on your head.
You are partially covered in thin metallic scales. (AC +2)
You are partially covered in sharp spines.
Your skin changes colour to match your surroundings (Stealth+).
You possess an exceptional clarity of mind.
You are frail. (-10% HP)
You are strong-willed. (Will+)
Your spells are a little harder to cast, but a little more powerful.


Message History

Erica hits you with a +0 scimitar of flaming!
Erica burns you.
You take 13 damage, and have 39/62 hp.
MASSIVE DAMAGE!!
You slash the orc priest!
The orc priest is almost dead.
You hit Erica. The orc priest completely misses you.
Erica is struck by your spines. Erica hits you but does no damage.
You gain the combat prowess of a mighty hero.
The orc priest invokes the aid of Beogh against you.
Pain shoots through your body!
Erica casts a spell.
Erica flickers and vanishes!
Deactivating autopickup; reactivate with Ctrl-A.
You take 8 damage, and have 31/62 hp.
You now have 10/12 mp.
You hit the orc priest.
The orc priest is almost dead.
You barely miss something.
The orc priest is struck by your spines.
You kill the orc priest!
Okawaru accepts your kill.
An orc comes into view.
It is wielding a +0 flail. 4 orcs come into view.
Found 965 gold pieces.
The orange demon stings you but does no damage.
You block the orc high priest's attack.
The orc moves out of view.
Items here: $ )) †.
You closely miss the orc high priest. You hit the sun demon but do no damage.
You hit something.
You hear some strange, mumbled words.
Something tries to affect you, but you resist.
You block the sun demon's attack. The orange demon misses you.
You block the orc high priest's attack.
You hit the orc high priest but do no damage.
You hit the sun demon but do no damage. You hit something.
The orc sorcerer casts a spell.
The sun demon is struck by your spines. The sun demon hits you!
You are engulfed in flames!
* * * LOW HITPOINT WARNING * * *
Something hits you.
You die...

▓▓▓ ▓▓
##.############### #$#
##..#___#___#__#$$##$##$
.#..#)..#__.#._#oooo....
.#..###'#)###)##oo4.o.4.
'#..#..........#o3oooo..
#...'.⌠........#@#
#...#...######'#{#
....#)⌠.#__#...#'#####
....#...#__#...#..≈≈≈+
....#'###__#...#.#≈§§#
....#.).#__#...'.#.§.#
....#___#__'...#.# ..#
▓▓▓▓▓▓▓▓▓▓▓▓▓▓▓▓▓▓ ▓▓▓


You could see an orc high priest, a sun demon (summoned), an orange demon
(summoned), a hellwing (summoned), an orc sorcerer, 2 orc wizards and 8 orcs.

Vanquished Creatures
  A deep elf pyromancer (D)
  A shadow (D)
  A spatial vortex (D)
  A necrophage (D)
  A water elemental (D)
  A scorpion (D)
  A jelly (D)
  An orc priest (D)
  A wizard (D)
  A necromancer (D)
  3 humans (D)
  A kobold demonologist (D)
  An orc (D)
  2 endoplasms (D)
  2 rats (D)
19 creatures vanquished.

Notes
Turn   | Place    | Note
-------+----------+-------------------------------------------
     0 | D        | tatocazan the Demonspawn Fighter began the quest for the
                  | Orb.
     0 | D        | Reached XP level 1. HP: 18/18 MP: 1/1
    10 | D        | Reached skill level 2 in Axes
    69 | D        | Noticed a scorpion
    81 | D        | Killed a scorpion
    82 | D        | Reached skill level 4 in Axes
    82 | D        | Gained mutation: You have a pair of small horns on your
                  | head. [demonic ancestry]
    82 | D        | Reached XP level 2. HP: 3/26 MP: 2/2
    82 | D        | Gained mutation: You are partially covered in thin metallic
                  | scales. (AC +2) [demonic ancestry]
    82 | D        | Reached XP level 3. HP: 3/31 MP: 3/3
    93 | D        | Reached XP level 4. HP: 15/38 MP: 4/4
   299 | D        | Gained mutation: You have a pair of horns on your head.
                  | [potion of mutation]
   299 | D        | Gained mutation: Your system is resistant to poisons.
                  | (rPois) [potion of mutation]
   299 | D        | Gained mutation: You possess an exceptional clarity of
                  | mind. [potion of mutation]
   300 | D        | Lost mutation: You possess an exceptional clarity of mind.
                  | [potion of mutation]
   300 | D        | Lost mutation: You have a pair of horns on your head.
                  | [potion of mutation]
   300 | D        | Gained mutation: You are agile. (Dex +2) [potion of
                  | mutation]
   300 | D        | Gained mutation: You are very agile. (Dex +4) [potion of
                  | mutation]
   300 | D        | Gained mutation: Your spells are a little harder to cast,
                  | but a little more powerful. [potion of mutation]
   301 | D        | Lost mutation: You are very agile. (Dex +4) [potion of
                  | mutation]
   301 | D        | Lost mutation: Your system is resistant to poisons. (rPois)
                  | [potion of mutation]
   301 | D        | Gained mutation: You sometimes lose the ability to read
                  | scrolls when taking damage. [potion of mutation]
   301 | D        | Gained mutation: You passively dampen the noise of your
                  | surroundings. [potion of mutation]
   302 | D        | Lost mutation: Your spells are a little harder to cast, but
                  | a little more powerful. [potion of mutation]
   302 | D        | Lost mutation: You are agile. (Dex +2) [potion of mutation]
   302 | D        | Gained mutation: You possess an exceptional clarity of
                  | mind. [potion of mutation]
   303 | D        | Lost mutation: You possess an exceptional clarity of mind.
                  | [potion of mutation]
   303 | D        | Lost mutation: You passively dampen the noise of your
                  | surroundings. [potion of mutation]
   303 | D        | Gained mutation: You are strong-willed. (Will+) [potion of
                  | mutation]
   303 | D        | Gained mutation: You expend magic power (3 MP) to
                  | strengthen your wands. [potion of mutation]
   304 | D        | Lost mutation: You sometimes lose the ability to read
                  | scrolls when taking damage. [potion of mutation]
   304 | D        | Lost mutation: You expend magic power (3 MP) to strengthen
                  | your wands. [potion of mutation]
   304 | D        | Gained mutation: You are frail. (-10% HP) [potion of
                  | mutation]
   304 | D        | Gained mutation: You have hidden genetic potential. [potion
                  | of mutation]
   304 | D        | Gained mutation: Your skin changes colour to match your
                  | surroundings (Stealth+). [potion of mutation]
   310 | D        | Noticed a water elemental
   314 | D        | Killed a water elemental
   315 | D        | Reached skill level 5 in Fighting
   315 | D        | Reached skill level 5 in Axes
   315 | D        | Reached XP level 5. HP: 15/39 MP: 5/5
   600 | D        | Found a hide-covered altar of Uskayaw.
   600 | D        | Found an iron altar of Okawaru.
   600 | D        | Found a bloodstained altar of Trog.
   600 | D        | Found an ornate altar of the Wu Jian Council.
   600 | D        | Noticed a human
   601 | D        | Noticed a human
   607 | D        | Killed a human
   608 | D        | Reached skill level 7 in Axes
   608 | D        | Reached skill level 5 in Armour
   608 | D        | Reached skill level 5 in Shields
   608 | D        | Gained mutation: You are partially covered in sharp spines.
                  | [demonic ancestry]
   608 | D        | Reached XP level 6. HP: 47/47 MP: 6/6
   610 | D        | Killed a human
   611 | D        | Reached skill level 8 in Axes
   611 | D        | Gained mutation: Your spells are a little harder to cast,
                  | but a little more powerful. [hidden potential]
   614 | D        | Became a worshipper of Warmaster Okawaru
   986 | D        | Noticed a deep elf pyromancer
   988 | D        | Noticed a fire elemental
   992 | D        | Killed a deep elf pyromancer
   992 | D        | Reached * piety under Okawaru
   993 | D        | Reached skill level 9 in Axes
   993 | D        | Gained mutation: You have a pair of horns on your head.
                  | [demonic ancestry]
   993 | D        | Reached XP level 7. HP: 41/55 MP: 6/10
  1007 | D        | Gained mutation: You possess an exceptional clarity of
                  | mind. [hidden potential]
  1007 | D        | Lost mutation: You have hidden genetic potential. [hidden
                  | potential expressed]
  1046 | D        | Found a radiant altar of Vehumet.
  1047 | D        | Found a shimmering blue altar of Sif Muna.
  1047 | D        | Found an ancient bone altar of Kikubaaqudgha.
  1049 | D        | Noticed a rust devil
  1050 | D        | Reached ** piety under Okawaru
  1129 | D        | Found a basalt altar of Yredelemnul.
  1129 | D        | Found a shadowy altar of Dithmenos.
  1129 | D        | Found a sacrificial altar of Ru.
  1134 | D        | Reached skill level 10 in Axes
  1134 | D        | Reached skill level 5 in Invocations
  1143 | D        | Noticed a shadow
  1146 | D        | Killed a shadow
  1147 | D        | Reached XP level 8. HP: 40/62 MP: 10/12
  1239 | D        | Found a blossoming altar of Fedhas.
  1239 | D        | Found a stormy altar of Qazlal.
  1240 | D        | Found a snail-covered altar of Cheibriados.
  1240 | D        | Found a burning altar of Makhleb.
  1240 | D        | Found a hazy altar of Hepliaklqana.
  1240 | D        | Found a shimmering altar of Xom.
  1240 | D        | Found an opulent altar of Gozag.
  1240 | D        | Found a sparkling altar of Nemelex Xobeh.
  1240 | D        | Found a corrupted altar of Lugonu.
  1240 | D        | Found a viscous altar of Jiyva.
  1262 | D        | Noticed Erica
  1263 | D        | Noticed an orc high priest
  1269 | D        | Noticed an orc sorcerer
  1270 | D        | Noticed an orange demon
  1270 | D        | Noticed a sun demon
  1275 | D        | HP: 2/62 [sun demon[an orc high priest] (17)]
  1275 | D        | Slain by Erica

Illustrated notes

Levels and vault maps discovered:
D:        dungeon_sprint_mu [sprint_mu_entry_cave, sprint_mu_temple_rooms,
          sprint_mu_d1_horrors, sprint_mu_d2_genie, sprint_mu_d3_branching,
          sprint_mu_orc_legion, sprint_mu_elf_gauntlet, sprint_mu_hive_nellie,
          sprint_mu_lair_fedhas, sprint_mu_vaults_butterflies,
          sprint_mu_slime_circle, sprint_mu_swamp_cave, sprint_mu_shoals_kraken,
          sprint_mu_blade_basic, sprint_mu_crypt_lich, sprint_mu_tomb_spiral,
          sprint_mu_vestibule_basic, sprint_mu_gehenna_hellfire,
          sprint_mu_dis_giant, sprint_mu_tartarus_statrot,
          sprint_mu_cocytus_islands, sprint_mu_zot1]

Skill      XL: |  1  2  3  4  5  6  7  8 |
---------------+-------------------------+-----
Axes           | 4 5 7 9 10 | 10.5
Armour         | 4 5 7 |  7.9
Shields        | 4 5 7 8 |  8.0
Fighting       | 4 5 6 8 |  8.6
Invocations    | 4 5 6 |  6.1

Action                   |  1- 3 |  4- 6 |  7- 9 || total
-------------------------+-------+-------+-------++-------
Melee: War axe           |    25 |    17 |    32 ||    74
       Headbutt          |     1 |     4 |     6 ||    11
Invok: Heroism           |       |       |     1 ||     1
  Use: Potion            |     2 |     9 |       ||    11
       Scroll            |       |     4 |       ||     4
Armor: Scale mail        |     5 |     2 |    12 ||    19
Dodge: Dodged            |    14 |     4 |     5 ||    23
Block: Buckler           |     7 |     2 |     9 ||    18

Table legend: (Time is in decaauts)
 A = Elapsed time spent in this place.
 B = Non-inter-level travel time spent in this place.
 C = Inter-level travel time spent in this place.
 D = Time resting spent in this place.
 E = Time spent auto-exploring this place.
 F = Levels seen in this place.
 G = Mean time per level.
                   A        B        C        D        E       F      G
               +--------+--------+--------+--------+--------+-----+--------+
         Total |   1272 |   1272 |      0 |    989 |     48 |   1 | 1272.0 |
       Dungeon |   1272 |   1272 |      0 |    989 |     48 |   1 | 1272.0 |
               +--------+--------+--------+--------+--------+-----+--------+

Top non-repeatable levels by time:
       D: 1272 daAuts
